 Dungeon Crawl Stone Soup version 0.28.0 (webtiles) character file.

Game seed: 17389417403453451203

553 Sanktem7 the Chopper (level 7, 0/61 HPs)
             Began as a Hill Orc Fighter on Feb 10, 2022.
             Succumbed to a water moccasin's poison
             ... on level 5 of the Dungeon.
             The game lasted 00:06:31 (3152 turns).

Sanktem7 the Chopper (Hill Orc Fighter)             Turns: 3152, Time: 00:06:32

Health: 0/61       AC: 11    Str: 21    XL:     7   Next: 29%
Magic:  7/7        EV: 10    Int:  8    God:
Gold:   112        SH:  5    Dex: 16    Spells: 6/6 levels left

rFire   . . .      SeeInvis .   a - +0 war axe
rCold   . . .      Faith    .   c - +0 buckler
rNeg    . . .      Spirit   .   b - +0 scale mail
rPois   .          Reflect  .   (no helmet)
rElec   .          Harm     .   (no cloak)
rCorr   .          Rampage  .   l - +1 pair of gloves
Will    .....                   h - +0 pair of boots
Stlth   ..........              t - amulet of the acrobat
HPRegen 0.20/turn               i - +6 ring of dexterity
MPRegen 0.10/turn               (no ring)

@: lethally poisoned (0 -> -15)
A: no striking features
a: no special abilities


You were on level 5 of the Dungeon.
You visited 1 branch of the dungeon, and saw 4 of its levels.

You collected 112 gold pieces.

Inventory:

Hand Weapons
 a - a +0 war axe (weapon)
Missiles
 q - a throwing net (quivered)
Armour
 b - a +0 scale mail (worn)
 c - a +0 buckler (worn)
 h - a +0 pair of boots (worn)
 l - a +1 pair of gloves (worn)
Jewellery
 i - a +6 ring of dexterity (left hand)
 t - an amulet of the acrobat (around neck)
Wands
 k - a wand of digging (3)
 o - a wand of flame (6)
Scrolls
 e - a scroll of immolation
 g - a scroll of teleportation
 j - a scroll of magic mapping
 m - a scroll of amnesia
 n - a scroll of enchant weapon {unknown}
 p - a scroll of fog {unknown}
 r - a scroll of noise {unknown}
Potions
 d - 2 potions of might
 f - 3 potions of mutation {unknown}
 s - a potion of curing {unknown}


   Skills:
 * Level 5.0 Fighting
 * Level 7.3 Axes
 * Level 5.5 Armour
 + Level 1.2 Dodging
 - Level 3.3 Shields


You had 6 spell levels left.
You didn't know any spells.
Your spell library was empty.

Dungeon Overview and Level Annotations

Branches:
Dungeon (5/15)
 Temple: D:4-7

Altars:
Yredelemnul
Beogh

Shops:
D:1 :


Message History

The water moccasin poisons you! The water moccasin bites you.
You barely miss the water moccasin.
The water moccasin is severely wounded.
You feel extremely sick. You block the water moccasin's attack.
You barely miss the water moccasin.
The water moccasin is severely wounded.
You feel very sick. The water moccasin closely misses you.
The water moccasin bites you.
You are more poisoned.
The water moccasin poisons you!
You barely miss the water moccasin.
The water moccasin is severely wounded.
You feel extremely sick.
The water moccasin bites you but does no damage. x2
You closely miss the water moccasin.
The water moccasin is severely wounded.
You feel very sick. You block the water moccasin's attack.
You barely miss the water moccasin.
The water moccasin is severely wounded.
You feel very sick.
The water moccasin bites you but does no damage.
The water moccasin misses you.
You hit the water moccasin.
The water moccasin is severely wounded.
You feel very sick. The water moccasin bites you.
* * * LOW HITPOINT WARNING * * *
You are lethally poisoned!
The water moccasin poisons you!
The water moccasin bites you but does no damage.
You hit the water moccasin.
The water moccasin is almost dead.
* * * LOW HITPOINT WARNING * * *
You feel very sick. The water moccasin closely misses you.
You slash the water moccasin!
You kill the water moccasin!
You die...

#.......##..#.+...'.#..#.....
#........#..#.#...#.#..#.####
#........+##+.#._.#.+##'.# *
########.#..*.#...#.#..#.#
*.#..*.+...+.#..#.#
*.+..+###+###'..+.#
*.#..*.......#..###
*,#..#.......#..#
#.###@###+###)###
#.............#
###############


There were no monsters in sight!

Vanquished Creatures
  A water moccasin (D:5)
  An ogre (D:5)
  A scorpion (D:4)
  A water moccasin skeleton (D:4)
  A hound (D:4)
  Crazy Yiuf (D:4)
  Ijyb (D:5)
  A bullfrog skeleton (D:4)
  An iguana (D:4)
  Natasha (thrice) (D:4)
  4 gnolls (D:4)
  5 adders
  An ufetubus (D:5)
  2 adder skeletons (D:4)
  A worm (D:4)
  A dart slug (D:2)
  5 orcs
  3 ball pythons
  4 endoplasms
  2 giant cockroaches (D:1)
  A goblin (D:1)
  4 hobgoblins
  5 kobolds
  3 quokkas
  6 bats
  2 frilled lizards (D:1)
  8 rats (D:1)
69 creatures vanquished.

Notes
Turn   | Place    | Note
-------+----------+-------------------------------------------
     0 | D:1      | Sanktem7 the Hill Orc Fighter began the quest for the Orb.
     0 | D:1      | Reached XP level 1. HP: 19/19 MP: 1/1
   174 | D:1      | Reached XP level 2. HP: 27/27 MP: 2/2
   222 | D:1      | Reached skill level 3 in Axes
   328 | D:1      | Found Myacvut's Book Emporium.
   587 | D:1      | Found a roughly hewn altar of Beogh.
   621 | D:1      | Found a faded altar of an unknown god.
  1020 | D:2      | Reached XP level 3. HP: 32/33 MP: 3/3
  1113 | D:2      | Reached skill level 4 in Axes
  1185 | D:2      | Reached XP level 4. HP: 40/40 MP: 4/4
  1199 | D:2      | You fall into a shaft and drop 2 floors!
  1304 | D:4      | Found a runed translucent door.
  1305 | D:4      | Noticed Crazy Yiuf
  1581 | D:4      | Reached skill level 5 in Axes
  1581 | D:4      | Reached XP level 5. HP: 44/46 MP: 5/5
  1789 | D:4      | Noticed Natasha
  1797 | D:4      | Killed Natasha
  1798 | D:4      | Reached skill level 6 in Axes
  1798 | D:4      | Reached XP level 6. HP: 38/53 MP: 6/6
  2081 | D:4      | Reached skill level 1 in Dodging
  2466 | D:4      | Reached skill level 5 in Armour
  2474 | D:4      | Noticed Natasha
  2484 | D:4      | Killed Natasha
  2719 | D:4      | Noticed Natasha
  2724 | D:4      | Killed Natasha
  2877 | D:4      | Killed Crazy Yiuf
  2878 | D:4      | Reached XP level 7. HP: 60/60 MP: 7/7
  2946 | D:5      | Entered Level 5 of the Dungeon
  3013 | D:5      | Reached skill level 5 in Fighting
  3013 | D:5      | Reached skill level 7 in Axes
  3040 | D:5      | Noticed Ijyb
  3049 | D:5      | Killed Ijyb
  3068 | D:5      | Found a basalt altar of Yredelemnul.
  3152 | D:5      | Succumbed to a water moccasin's poison

Illustrated notes

Levels and vault maps discovered:
D:1:      lightli_arrival_farm, layout_loops_ring,
          hellmonk_ecumenical_altar_defaced_shrine, serial_shops,
          nicolae_shop_crystal
D:2:      layout_basic, basic_altar, grunt_decor_mini_mirrors,
          chequers_serial_rivers_large_a
D:4:      layout_gridville, uniq_crazy_yiuf_cottage, uniq_natasha
D:5:      layout_rooms, nzn_wu_jian_contemplation, minitemple,
          mainiacjoe_overflow_24_doors, serial_rivers,
          chequers_serial_rivers_small_b, chequers_serial_rivers_micro_c,
          chequers_serial_rivers_micro_b, chequers_serial_rivers_room_b,
          chequers_serial_rivers_small_3, serial_shops,
          nicolae_shop_behind_doors, minmay_misc_feat_x, nicolae_shop_clearance,
          uniq_blork_the_orc, uniq_ijyb

Skill      XL: |  1  2  3  4  5  6  7 |
---------------+----------------------+-----
Axes           | 3 4 5 6 7 |  7.3
Fighting       | 4 5 |  5.0
Armour         | 4 5 |  5.5
Dodging        | 1 |  1.2
Shields        | |  3.3

Action                   |  1- 3 |  4- 6 |  7- 9 || total
-------------------------+-------+-------+-------++-------
Melee: War axe           |    94 |   124 |    37 ||   255
  Use: Scroll            |       |       |     4 ||     4
Armor: Scale mail        |    72 |    62 |    15 ||   149
Dodge: Dodged            |    63 |    65 |    23 ||   151
Block: Buckler           |    32 |    32 |     6 ||    70
